 Dungeon Crawl Stone Soup version 0.22-a0-880-gb7b0c8b (webtiles) character file.

223 Gruud the Grave Robber (level 5, -1/78 HPs)
             Began as a Demonspawn Necromancer on July 30, 2018.
             Killed from afar by a white imp (9 damage)
             ... with a puff of frost
             ... summoned by Natasha
             ... on level 3 of the Dungeon.
             The game lasted 00:10:16 (2288 turns).

Gruud the Grave Robber (Demonspawn Necromancer)     Turns: 2288, Time: 00:10:17

Health: -1/78      AC: 22    Str: 14    XL:     5   Next: 66%
Magic:  2/2        EV:  2    Int: 16    God:
Gold:   122        SH:  0    Dex: 14    Spells: 0/8 levels left

rFire    . . .     SeeInvis .   b - +0 whip (antimagic)
rCold    . . .     Gourm    .   (no shield)
rNeg     + + +     Faith    .   (armour currently unavailable)
rPois    +         Spirit   .   (helmet currently unavailable)
rElec    .         Reflect  .   (cloak currently unavailable)
rCorr    .         Harm     .   (gloves currently unavailable)
MR       .....     NoTele   +   (boots currently unavailable)
Stlth    ..........             (no amulet)
HPRegen  0.23/turn              (no ring)
MPRegen  0.08/turn              (no ring)

@: berserking, tree-form, very quick
A: repulsion field 2
a: no special abilities


You were on level 3 of the Dungeon.
You were not hungry.
You were a tree.
You visited 1 branch of the dungeon, and saw 3 of its levels.

You collected 122 gold pieces.

Inventory:

Hand Weapons
 a - a +1 mace of protection
 b - a +0 antimagic whip (weapon)
 r - a cursed -1 blowgun
 s - a +0 dagger of venom
Missiles
 n - 44 poisoned needles
Armour
 e - a +3 leather armour (melded)
Jewellery
 o - an uncursed ring of fire
Scrolls
 g - 2 scrolls of enchant weapon {unknown}
 h - 2 scrolls of identify
 i - 5 scrolls of teleportation {unknown}
 j - a scroll of amnesia {unknown}
 k - 2 scrolls of random uselessness {unknown}
 m - a scroll of magic mapping {unknown}
 p - a scroll of remove curse {unknown}
 q - a scroll of immolation {unknown}
 t - a scroll of fear {unknown}
Potions
 d - a potion of lignification
 u - a potion of curing {unknown}
Comestibles
 c - 4 rations


   Skills:
 * Level 3.7 Maces & Flails
 - Level 1.7 Dodging
 - Level 1.7 Stealth
 - Level 2.0 Spellcasting
 + Level 6.0 Necromancy


You couldn't memorise any spells.
You knew the following spells:

 Your Spells              Type           Power        Failure   Level  Hunger
a - Pain                  Necr           ###.         1%          1    #......
b - Animate Skeleton      Necr           N/A          1%          1    #......
c - Vampiric Draining     Necr           ###.......   5%          3    ###....
d - Regeneration          Chrm/Necr      ##........   19%         3    ###....

Your spell library contained the following spells:

 Spells                   Type           Power        Failure   Level  Hunger
 Animate Dead             Necr           N/A          17%         4    #####..


Dungeon Overview and Level Annotations

Branches:
Dungeon (3/15)

Altars:

Annotations:
D:3 Natasha


Innate Abilities, Weirdness & Mutations

You are surrounded by a moderate repulsion field. (EV +3)


Message History

The puff of frost hits you!
* * * LOW HITPOINT WARNING * * *
Natasha claws you but does no damage.
Unknown command.
It was a potion of berserk rage.
A red film seems to cover your vision as you go berserk!
You feel yourself moving faster!
You feel mighty!
The white imp hits you but does no damage.
Natasha claws you but does no damage.
You hit Natasha.
Natasha's magic leaks into the air.
Natasha is heavily wounded.
The white imp hits you but does no damage.
You hit Natasha.
Natasha's magic leaks into the air.
Natasha is almost dead.
Natasha claws you but does no damage.
You closely miss Natasha.
Natasha is almost dead.
The white imp gestures at you. The puff of frost hits you!
You die...

#.# #.......#
##.# #..)....#
#..# #.......#
#.## #.......#
#.# #.......# #.#
#####...#### #.#
##.#..... #.#
#h..).## ##.##
###♣....#
#...#####..5....#
#.........#.....#
#.>.#######.....#
##### #######


You could see Natasha and a white imp.

Vanquished Creatures
  An orc priest (D:3)
  Natasha (D:3)
  4 adders
  4 gnolls (D:2)
  An ooze (D:3)
  A worm (D:2)
  A dart slug (D:1)
  A leopard gecko (D:1)
  5 orcs (D:3)
  2 giant cockroaches (D:2)
  4 hobgoblins
  9 jackals
  9 bats
  6 frilled lizards
  4 goblins
  5 kobolds
  3 rats
61 creatures vanquished.

Vanquished Creatures (collateral kills)
  Natasha (D:3)
  An adder (D:3)
  2 orcs (D:3)
  A goblin (D:3)
  3 kobolds (D:3)
8 creatures vanquished.

Grand Total: 69 creatures vanquished

Notes
Turn   | Place    | Note
-------+----------+-------------------------------------------
     0 | D:1      | Gruud the Demonspawn Necromancer began the quest for the Orb.
     0 | D:1      | Reached XP level 1. HP: 13/13 MP: 3/3
    18 | D:1      | Learned a level 1 spell: Animate Skeleton
   193 | D:2      | Gained mutation: You are surrounded by a mild repulsion field. (EV +2) [demonic ancestry]
   193 | D:2      | Reached XP level 2. HP: 15/19 MP: 0/5
   339 | D:1      | Reached skill level 1 in Maces & Flails
   339 | D:1      | Reached skill level 5 in Necromancy
   463 | D:1      | Gained mutation: You are surrounded by a moderate repulsion field. (EV +3) [demonic ancestry]
   463 | D:1      | Reached XP level 3. HP: 18/24 MP: 3/6
   471 | D:1      | Learned a level 3 spell: Vampiric Draining
  1184 | D:3      | Noticed Natasha
  1244 | D:2      | Reached XP level 4. HP: 25/30 MP: 0/7
  1781 | D:3      | Killed Natasha
  1781 | D:3      | Reached XP level 5. HP: 30/35 MP: 2/8
  1919 | D:3      | Noticed Natasha
  1936 | D:3      | Killed Natasha
  2016 | D:3      | Reached skill level 6 in Necromancy
  2021 | D:3      | Learned a level 3 spell: Regeneration
  2270 | D:3      | Noticed Natasha
  2288 | D:3      | Killed from afar by a white imp

Vault maps used:
D:1:      tarquinn_simple_flora_water_f
D:3:      uniq_natasha

Skill      XL: |  1  2  3  4  5 |
---------------+----------------+-----
Maces & Flails | 1 2 3 |  3.7
Necromancy     | 5 6 |  6.0
Dodging        | |  1.7
Stealth        | |  1.7
Spellcasting   | |  2.0

Action                   |  1- 3 |  4- 6 || total
-------------------------+-------+-------++-------
Melee: Mace              |    90 |    72 ||   162
       Whip              |       |    42 ||    42
 Cast: Pain              |    27 |     5 ||    32
       Animate Skeleton  |    19 |    19 ||    38
       Vampiric Draining |     1 |     2 ||     3
  Use: Potion            |     2 |     2 ||     4
       Scroll            |     1 |       ||     1
 Stab: Sleeping          |     3 |     1 ||     4
       Distracted        |     1 |     1 ||     2
  Eat: Chunk             |     2 |     4 ||     6
Armor: Robe              |    20 |       ||    20
       Leather armour    |     5 |    41 ||    46
       Skin              |       |     5 ||     5
Dodge: Dodged            |   108 |   112 ||   220

Table legend:
 A = Spawn XP
 B = Non-spawn XP
 C = Spawn XP percentage of total XP
 D = Spawn monster count
 E = Non-spawn monster count
 F = Spawn count percentage of total count
 G = Total turns spent on level
                    A         B        C        D         E        F      G
               +---------+---------+-------+---------+---------+-------+---------
         Total |       0 |     319 |   0.0 |       0 |      69 |   0.0 |  2288
               +---------+---------+-------+---------+---------+-------+---------
           D:1 |       0 |      33 |   0.0 |       0 |      21 |   0.0 |   802
           D:2 |       0 |     127 |   0.0 |       0 |      23 |   0.0 |   834
           D:3 |       0 |     159 |   0.0 |       0 |      25 |   0.0 |   652
               +---------+---------+-------+---------+---------+-------+---------
